 Dungeon Crawl Stone Soup version 0.31-a0-524-g2a164cf6a2 (webtiles) character file.

Game seed: 13446576134391805761

46212 blacky4 the Thaumaturge (level 14, -7/105 HPs)
             Began as a Demonspawn Ice Elementalist on Aug 12, 2023.
             Was an Initiate of Gozag.
             Mangled by a harpy simulacrum (illusionary) (11 damage)
             ... on level 2 of the Abyss.
             The game lasted 00:42:45 (18291 turns).

blacky4 the Thaumaturge (DsIE)                     Turns: 18291, Time: 00:42:45

Health: -7/105     AC: 12    Str: 11    XL:     14   Next: 4%
Magic:  0/30       EV: 16    Int: 20    God:    Gozag
Gold:   2371       SH:  5    Dex: 13    Spells: 27/38 levels left

rFire   + . .        v - staff of cold
rCold   + + .        (no shield)
rNeg    . . .        X - +2 robe {rC+}
rPois   +            r - +2 hat
rElec   .            t - scarf {+Inv}
rCorr   .            (no gloves)
SInv    .            Q - +3 pair of seven-league boots {Rampage+∞}
Will    +....        w - amulet of reflection
Stlth   ++           c - ring of protection from fire
HPRegen 0.00/turn    G - ring of poison resistance
MPRegen 0.22/turn

%: reflection, rampage+∞
@: on berserk cooldown, sick, slowed, very slow
A: icy blue scales 1, powered by death 3, spiny 1, demonic touch 2
a: Renounce Religion, Evoke Invisibility, Potion Petition, Call Merchant, Bribe
Branch


You were on level 2 of the Abyss.
You worshipped Gozag.
Gozag was most pleased with you.
You visited 3 branches of the dungeon, and saw 16 of its levels.
You visited the Abyss 1 time.
You also visited: Sewer and Ossuary.

You collected 3535 gold pieces.
You paid 1164 gold pieces to Gozag.

Inventory:

Hand Weapons
 u - a +2 war axe of electrocution
Missiles
 R - 2 throwing nets
Armour
 r - a +2 hat (worn)
 t - a scarf of invisibility (worn)
 J - a +1 hat of stealth
 Q - the +3 pair of seven-league boots (worn) {Rampage+∞}
   (You found it on level 2 of the Lair of Beasts)

   Rampage+∞: When moving toward enemies, its wearer moves as far as possible,
   alerting their target en route.
 X - a +2 robe of cold resistance (worn)
Magical Staves
 v - a staff of cold (weapon)
Jewellery
 c - a ring of protection from fire (left hand)
 g - a ring of see invisible
 w - an amulet of reflection (around neck)
 G - a ring of poison resistance (right hand)
 O - a ring of positive energy
 S - a ring of willpower
 V - a +6 ring of strength
 Y - a ring of positive energy
Wands
 a - a wand of iceblast (6)
 K - a wand of polymorph (9)
 L - a wand of flame (32)
 M - a wand of paralysis (41)
Scrolls
 h - 7 scrolls of teleportation
 k - a scroll of brand weapon {unknown}
 m - 3 scrolls of butterflies
 o - 2 scrolls of enchant armour
 q - a scroll of silence {unknown}
 s - 3 scrolls of immolation {unknown}
 z - 6 scrolls of enchant weapon
 E - 2 scrolls of noise
 H - 4 scrolls of revelation
 I - 2 scrolls of vulnerability {unknown}
 N - 3 scrolls of fear
 P - 3 scrolls of amnesia
 T - a scroll of fog {unknown}
 W - 2 scrolls of identify
Potions
 b - a potion of magic
 d - 3 potions of lignification {unknown}
 e - 3 potions of brilliance {unknown}
 f - 6 potions of heal wounds {unknown}
 i - 2 potions of enlightenment
 j - a potion of ambrosia {unknown}
 l - 4 potions of berserk rage {unknown}
 n - 2 potions of cancellation {unknown}
 p - a potion of attraction {unknown}
 x - 5 potions of haste {unknown}
 A - 3 potions of curing {unknown}
 B - 5 potions of might {unknown}
 C - 4 potions of mutation {unknown}
 D - a potion of resistance {unknown}
 F - 4 potions of degeneration {unknown}
Miscellaneous
 U - a phial of floods


   Skills:
 - Level 8.0 Fighting
 * Level 9.1 Staves
 - Level 10.0 Dodging
 - Level 1.7 Stealth
 + Level 12.7 Spellcasting
 - Level 10.1 Ice Magic
 - Level 8.0 Evocations


You had 27 spell levels left.
You knew the following spells:

 Your Spells              Type           Power      Damage    Failure   Level
a - Freeze                Ice            100%       1d10      1%          1
b - Frozen Ramparts       Ice            100%       1d16      1%          3
c - Ozocubu's Armour      Ice            68%        N/A       1%          3
d - Summon Ice Beast      Ice/Summ       49%        N/A       6%          4

Your spell library contained the following spells:

 Spells                   Type           Power      Damage    Failure   Level
 Ensorcelled Hibernation  Hex/Ice        98%        N/A       1%          2
 Apportation              Tloc           24%        N/A       5%          1
 Magic Dart               Conj           48%        1d5       5%          1
 Necrotise                Necr           48%        1d6       5%          1
 Summon Small Mammal      Summ           48%        N/A       5%          1
 Blink                    Tloc           24%        N/A       8%          2
 Call Imp                 Summ           24%        N/A       8%          2
 Lesser Beckoning         Tloc           24%        N/A       8%          2
 Momentum Strike          Conj/Tloc      24%        3d8       8%          2
 Gell's Gravitas          Tloc           12%        N/A       16%         3
 Mephitic Cloud           Conj/Pois/Air  12%        N/A       16%         3
 Teleport Other           Tloc           12%        N/A       16%         3
 Tukima's Dance           Hex            12%        N/A       16%         3
 Anguish                  Hex/Necr       6%         N/A       45%         4
 Cause Fear               Hex            6%         N/A       45%         4
 Passage of Golubria      Tloc           12%        N/A       45%         4
 Alistair's Intoxication  Tmut/Pois      8%         N/A       82%         5
 Borgnjor's Vile Clutch   Necr/Erth      6%         N/A       82%         5
 Fireball                 Conj/Fire      6%         3d5       82%         5
 Yara's Violent Unravell  Hex/Tmut       6%         3d5       82%         5
 Eringya's Noxious Bog    Tmut/Pois      6%         4d6       100%        6
 Chain Lightning          Conj/Air       6%         3d8       100%        9
 Dragon's Call            Summ           6%         N/A       100%        9
 Fire Storm               Conj/Fire      6%         8d2       100%        9
 Shatter                  Erth           6%         3d9*      100%        9


Dungeon Overview and Level Annotations

Branches:
Dungeon (10/15)            Temple (1/1) D:6            Lair (5/5) D:8
 Shoals (0/4) Lair:2       Spider (0/4) Lair:3          Orc (0/2) D:10
  Sewer (visited)         Ossuary (visited)
  Slime: Lair:4-5

Altars:
Ashenzari
Cheibriados
Dithmenos
Fedhas
Gozag
Hepliaklqana
Kikubaaqudgha
Makhleb
Nemelex Xobeh
Okawaru
Qazlal
Ru
Sif Muna
Trog
Uskayaw
Vehumet
Wu Jian
Xom
Yredelemnul

Shops:
D:9 =(

Annotations:
D:5 3 runed translucent doors, magaron's ghost, novice MiFi; zx48k's ghost, novice GnFi
Lair:2 2 transporters, Gargoyl's ghost, journeyman GrBe
Lair:5 exclusion: oklob plant


Innate Abilities, Weirdness & Mutations

You are partially covered in icy blue scales. (AC +2)
You regenerate a lot of health from kills.
You are partially covered in sharp spines.
Your touch may inflict irresistible damage on your foes.


Message History

Something hits you!!
* * * LOW HITPOINT WARNING * * *
You feel your power leaking away.
The starcursed mass touches you but does no damage.
Blink to where?
Press: ? - help, Q - select action, (/) - cycle Dir - move target A starcursed mass and a rakshasa come into view.
As you read the scroll of blinking, it crumbles to dust.
A large abomination comes into view.
The large abomination moves out of view.
Casting: Summon Ice Beast (dangerous; 6% risk of failure)
Confirm with . or Enter, or press ? or * to list all spells.
You don't have enough magic to cast this spell.
Unknown command.
The rakshasa weaves an illusion.
The harpy simulacrum shimmers and seems to become two!
The rakshasa is struck by your spines. The rakshasa barely misses you.
A starcursed mass splits. x2
You block the harpy simulacrum's attack.
The harpy simulacrum completely misses you.
Your ice beast hits the starcursed mass.
Your ice beast freezes the starcursed mass!
The starcursed mass shudders and is absorbed by its neighbour.
The rakshasa completely misses you.
Casting: Summon Ice Beast (dangerous; 6% risk of failure)
Confirm with . or Enter, or press ? or * to list all spells.
Aiming: Freeze (safe; 1% risk of failure)
Press: ? - help, Shift-Dir - straight line, f - harpy simulacrum
Aim: a harpy simulacrum You feel a surge of power!
You freeze the harpy simulacrum but do no damage.
The harpy simulacrum completely resists.
You block the harpy simulacrum's attack.
The harpy simulacrum claws you but does no damage.
The harpy simulacrum is struck by your spines.
The harpy simulacrum claws you but does no damage.
The harpy simulacrum barely misses you.
A starcursed mass splits.
The harpy simulacrum claws you!
You die...
Your body crumbles into a pile of gold.

.. ... X.
##.# .. X.
...# ...X
... .#. ..
.. .#. #.##
#@.# #RZ#
#.........#
......####.#
#..... ..
##..X# #.
##.# .Y ..


You could see 4 starcursed masses, a rakshasa, a harpy simulacrum (ally target)
and a friendly ice beast (summoned, sick).

Vanquished Creatures
  2 tentacled starspawn (Abyss:2)
  3 very ugly things (Abyss:2)
  Fannar (Lair:3)
  A hydra (Lair:3)
  4 boulder beetles
  A sun demon (Abyss:2)
  2 large abominations (Abyss:2)
  2 skysharks
  Jeremiah (D:6)
  11 elephants
  A guardian serpent (Lair:2)
  3 black mambas
  Joseph (D:8)
  6 cane toads
  5 rime drakes
  8 komodo dragons
  2 ancient zymes (Abyss:2)
  2 trolls
  A meliai (Lair:3)
  2 polar bears
  Grinder (D:6)
  8 raiju (Abyss:2)
  A dream sheep (Lair:4)
  A snapping turtle (Lair:2)
  3 blink frogs (Lair:2)
  A fire elemental (Abyss:2)
  A vampire (D:10)
  2 wyverns
  2 wraiths
  29 yaks
  A shadow (D:10)
  Menkaure (D:4)
  2 steam dragons
  2 basilisks
  An acid dragon (D:10)
  11 water moccasins
  A hell hound (Abyss:2)
  An orc warrior (D:10)
  3 ogres (D:5)
  13 wolves
  A lemure (D:6)
  4 kobold brigands
  13 bullfrogs
  A gnoll sergeant (D:9)
  2 water moccasin zombies (Ossuary)
  A wight (Ossuary)
  3 scorpions
  4 killer bees (Lair:3)
  3 howler monkeys
  2 bullfrog zombies (Ossuary)
  3 centaur zombies (Ossuary)
  2 orc priests
  A human zombie (Ossuary)
  3 jellies
  A gnoll bouda (D:9)
  A sleepcap (D:5)
  2 iguanas
  5 orc wizards
  An ogre zombie (Ossuary)
  12 gnolls
  13 adders
  2 river rats (Sewer)
  A white imp (D:5)
  An ufetubus (D:6)
  An adder zombie (Ossuary)
  5 dart slugs
  22 orcs
  7 bats
  4 endoplasms
  2 giant cockroaches
  7 goblins
  7 hobgoblins
  6 jackals
  22 kobolds
  5 quokkas
  9 ball pythons
  8 frilled lizards
  2 gnoll zombies (Ossuary)
  3 goblin zombies (Ossuary)
  3 hobgoblin zombies (Ossuary)
  6 orc zombies (Ossuary)
  7 rats
352 creatures vanquished.

Vanquished Creatures (collateral kills)
  Gastronok (Lair:3)
  A hydra (Lair:5)
  A two-headed ogre (D:9)
  Pikel (D:6)
  2 elephants (Lair:3)
  An unseen horror (D:10)
  2 komodo dragons
  4 cane toads
  A rime drake (Lair:2)
  A polar bear (Lair:4)
  A raiju (Abyss:2)
  A blink frog (Lair:2)
  10 yaks
  3 basilisks
  2 steam dragons
  Edmund (D:4)
  3 water moccasins
  2 ogres
  A wolf (Lair:1)
  3 centaurs
  A phantom (D:5)
  Blork the orc (D:5)
  A bullfrog (Lair:3)
  A scorpion (D:5)
  A killer bee (D:10)
  A lava snake (D:7)
  2 orc priests
  2 gnoll boudas
  A sleepcap (D:7)
  An orc wizard (D:10)
  4 gnolls (D:9)
  An adder (D:6)
  11 orcs
  6 kobolds (D:8)
76 creatures vanquished.

Vanquished Creatures (others)
  A human (D:5)
  A lurking horror (Abyss:2)
  4 starspawn tentacles (Abyss:2)
6 creatures vanquished.

Grand Total: 434 creatures vanquished

Notes
Turn   | Place    | Note
-------+----------+-------------------------------------------
     0 | D:1      | blacky4 the Demonspawn Ice Elementalist began the quest for
                  | the Orb.
     0 | D:1      | Reached XP level 1. HP: 13/13 MP: 3/3
   115 | D:1      | Gained mutation: You regenerate a little health from kills.
                  | [demonic ancestry]
   115 | D:1      | Reached XP level 2. HP: 18/19 MP: 0/5
   742 | D:1      | Reached XP level 3. HP: 23/24 MP: 7/7
  1491 | D:2      | Reached skill level 3 in Spellcasting
  1703 | D:2      | Learned a level 3 spell: Frozen Ramparts
  1707 | D:2      | Learned a level 3 spell: Ozocubu's Armour
  2438 | D:3      | Reached XP level 4. HP: 30/30 MP: 4/8
  2757 | D:3      | Found a hide-covered altar of Uskayaw.
  2993 | D:3      | Found a hazy altar of Hepliaklqana.
  2994 | D:3      | Found a shadowy altar of Dithmenos.
  2994 | D:3      | Noticed a shadow
  3298 | D:3      | Found a stormy altar of Qazlal.
  3499 | D:4      | Gained mutation: Your touch may inflict minor irresistible
                  | damage on your foes. [demonic ancestry]
  3499 | D:4      | Reached XP level 5. HP: 28/35 MP: 5/10
  3523 | D:4      | Found a sand-covered staircase.
  3528 | Ossuary  | Entered an ossuary
  3576 | Ossuary  | Reached skill level 4 in Spellcasting
  3576 | Ossuary  | Reached skill level 5 in Ice Magic
  3608 | Ossuary  | Reached XP level 6. HP: 41/41 MP: 12/12
  3684 | Ossuary  | Reached skill level 5 in Spellcasting
  3700 | Ossuary  | Reached XP level 7. HP: 46/46 MP: 14/14
  3714 | Ossuary  | Noticed a silent spectre
  3788 | D:4      | Noticed Menkaure
  3794 | D:4      | Killed Menkaure
  3813 | D:4      | Found a glowing drain.
  3822 | Sewer    | Entered a sewer
  4567 | D:4      | Noticed Edmund
  4574 | D:4      | Learned a level 4 spell: Summon Ice Beast
  4575 | D:4      | Reached skill level 6 in Spellcasting
  4579 | D:4      | Killed Edmund
  5123 | D:5      | Entered Level 5 of the Dungeon
  5138 | D:5      | Gained mutation: You regenerate health from kills. [demonic
                  | ancestry]
  5138 | D:5      | Reached XP level 8. HP: 52/52 MP: 8/17
  5256 | D:5      | Found a runed translucent gate.
  5265 | D:5      | Found a runed translucent gate.
  5265 | D:5      | Found a runed translucent gate.
  5266 | D:5      | Noticed magaron's ghost (novice MiFi)
  5266 | D:5      | Noticed zx48k's ghost (novice GnFi)
  5528 | D:5      | Noticed Blork the orc
  5539 | D:5      | Reached skill level 7 in Spellcasting
  5546 | D:5      | Killed Blork the orc
  6015 | D:5      | Found an ancient bone altar of Kikubaaqudgha.
  6303 | D:6      | Noticed Grinder
  6312 | D:6      | Killed Grinder
  6313 | D:6      | Gained mutation: You regenerate a lot of health from kills.
                  | [demonic ancestry]
  6313 | D:6      | Reached XP level 9. HP: 54/57 MP: 14/20
  6406 | D:6      | Reached skill level 8 in Spellcasting
  6466 | D:6      | Noticed Pikel
  6476 | D:6      | Killed Pikel
  6628 | D:6      | Found a staircase to the Ecumenical Temple.
  6653 | Temple   | Entered the Ecumenical Temple
  6671 | Temple   | Became a worshipper of Gozag Ym Sagoz the Greedy
  6924 | D:6      | Noticed Jeremiah
  6968 | D:6      | Killed Jeremiah
  6969 | D:6      | Reached skill level 9 in Spellcasting
  7654 | D:7      | Reached skill level 10 in Ice Magic
  8110 | D:7      | Reached XP level 10. HP: 48/63 MP: 11/23
  8494 | D:8      | Found a staircase to the Lair.
  8555 | D:8      | Reached skill level 1 in Fighting
  9083 | D:8      | Noticed Joseph
  9093 | D:8      | Killed Joseph
  9198 | D:8      | Reached skill level 10 in Spellcasting
  9567 | D:9      | Noticed a two-headed ogre
  9573 | D:9      | Killed a two-headed ogre
  9622 | D:9      | Reached skill level 5 in Fighting
  9622 | D:9      | Reached skill level 5 in Dodging
  9823 | D:9      | Found Xaefreus's Jewellery Boutique.
  9876 | D:9      | You fall into a shaft and drop 1 floor!
  9876 | D:10     | Entered Level 10 of the Dungeon
  9912 | D:10     | Found a staircase to the Orcish Mines.
 10030 | D:10     | Gained mutation: Your touch may inflict irresistible damage
                  | on your foes. [demonic ancestry]
 10030 | D:10     | Reached XP level 11. HP: 59/80 MP: 18/25
 10863 | D:10     | Noticed an ice dragon
 10865 | D:10     | Found the +6 lightning scales {swift, rElec}
 11094 | D:10     | Noticed a fire dragon
 11495 | Lair:1   | Entered Level 1 of the Lair of Beasts
 11858 | Lair:1   | Identified the +0 leather armour of Ojeedeic {Drain rPois
                  | Stlth+}
 11977 | Lair:1   | You fall into a shaft and drop 1 floor!
 11977 | Lair:2   | Noticed a catoblepas
 11977 | Lair:2   | Found a transporter.
 11984 | Lair:2   | Noticed Gargoyl's ghost (journeyman GrBe)
 11993 | Lair:2   | Found a transporter.
 12433 | Lair:2   | Reached skill level 11 in Spellcasting
 12531 | Lair:2   | Found a hazy altar of Hepliaklqana.
 12833 | Lair:2   | Reached skill level 1 in Staves
 12833 | Lair:2   | Reached skill level 1 in Evocations
 12879 | Lair:2   | Noticed a boulder beetle
 12913 | Lair:2   | Killed a boulder beetle
 12992 | Lair:2   | Noticed a boulder beetle
 12996 | Lair:2   | Found the +3 pair of seven-league boots {Rampage+∞}
 13003 | Lair:2   | Gained mutation: You are partially covered in sharp spines.
                  | [demonic ancestry]
 13003 | Lair:2   | Reached XP level 12. HP: 92/92 MP: 17/27
 13014 | Lair:2   | Killed a boulder beetle
 13424 | Lair:2   | Found a staircase to the Shoals.
 14203 | Lair:3   | Noticed Fannar
 14676 | Lair:3   | Found a hole to the Spider Nest.
 15108 | Lair:3   | Reached skill level 5 in Evocations
 15155 | Lair:3   | Noticed an eight-headed hydra
 15167 | Lair:3   | Killed an eight-headed hydra
 15168 | Lair:3   | Reached skill level 5 in Staves
 15173 | Lair:3   | Noticed Gastronok
 15189 | Lair:3   | Killed Gastronok
 15374 | Lair:3   | Killed Fannar
 15520 | Lair:3   | Gained mutation: You are partially covered in icy blue
                  | scales. (AC +2) [demonic ancestry]
 15520 | Lair:3   | Reached XP level 13. HP: 98/98 MP: 23/28
 16022 | Lair:4   | Identified the +0 scale mail "Vieff" {Str-5 Dex+5}
 16870 | Lair:5   | Entered Level 5 of the Lair of Beasts
 16877 | Lair:5   | Reached skill level 10 in Dodging
 17116 | Lair:5   | Reached skill level 12 in Spellcasting
 17740 | Abyss:2  | Cast into level 2 of the Abyss (a wizard)
 17773 | Abyss:2  | Found a corrupted altar of Lugonu.
 17855 | Abyss:2  | Noticed a hellephant
 17871 | Abyss:2  | Noticed a starcursed mass
 17988 | Abyss:2  | Noticed a tentacled starspawn
 17995 | Abyss:2  | Killed a tentacled starspawn
 18016 | Abyss:2  | Noticed a brown very ugly thing
 18125 | Abyss:2  | Noticed a brown very ugly thing
 18125 | Abyss:2  | Noticed a brown very ugly thing
 18155 | Abyss:2  | Killed a purple very ugly thing
 18159 | Abyss:2  | Killed a purple very ugly thing
 18166 | Abyss:2  | Killed a purple very ugly thing
 18216 | Abyss:2  | Noticed a tentacled starspawn
 18221 | Abyss:2  | Killed a tentacled starspawn
 18245 | Abyss:2  | Reached XP level 14. HP: 56/105 MP: 11/30
 18258 | Abyss:2  | HP: 4/105 [raiju/living lightning (16)]
 18287 | Abyss:2  | HP: 4/105 [something (27)]
 18291 | Abyss:2  | Mangled by a harpy simulacrum (illusionary)

Illustrated notes

Levels and vault maps discovered:
D:1:      ebering_hopf_link, layout_loops_cross
D:2:      layout_basic, chequers_serial_rivers_marsh
D:3:      layout_loops_ring, old_standard_altar, nicolae_overflow_two_pavilions,
          riverfiend_overflow_shadow_ancestor
D:4:      cheibrodos_quashed, layout_loops_cross, portal_sewer_entry_a,
          enter_ossuary_5, uniq_menkaure, uniq_edmund
D:5:      layout_basic, tgw_kikubaaqudgha, gammafunk_ghost_cemetery,
          hangedman_decor_clover_reticule, uniq_blork_the_orc
D:6:      layout_basic, minmay_temple_entry_trees, serial_curves,
          eino_curves_02, eino_curves_03, minmay_misc_feat_plants,
          uniq_jeremiah, uniq_grinder, uniq_pikel
D:7:      layout_basic, grunt_ministairs_7, grunt_decor_junction
D:8:      layout_basic, lair_entry_dummy, uniq_joseph
D:9:      layout_rooms, serial_shops, shop, skrybe_limestone_x
D:10:     dragon1_lemuel, layout_stronghold, david_orc_2, grunt_tough_drop
Temple:   lightli_temple_of_artemis
Lair:1:   layout_misc_corridors, grunt_forest_small_clearings, minmay_hedge_maze
Lair:2:   layout_long_grid, minmay_shoals_entry_hut,
          lightli_volcano_entry_magma_tube, gammafunk_ghost_berserking_beasts,
          basic_altar, hellmonk_guarded_unrand_seven_league_boots
Lair:3:   layout_hall_layers, hellmonk_spider_entry_not_the_bees,
          chequers_serial_rivers_room_a, uniq_fannar, uniq_gastronok
Lair:4:   layout_regular_city
Lair:5:   evil_forest, layout_gridlike, dpeg_slime_entry_corner,
          lemuel_oklob_altar
Abyss:2:  base: D:7, hangedman_stitches_earthworm

Skill      XL: |  1  2  3  4  5  6  7  8  9 10 11 12 13 14 |
---------------+-------------------------------------------+-----
Ice Magic      | 4 5 6 7 8 10 | 10.1
Spellcasting   | 3 4 5 6 7 9 10 11 12 | 12.7
Fighting       | 5 8 |  8.0
Dodging        | 5 8 9 10 | 10.0
Staves         | 1 5 8 9 |  9.1
Evocations     | 1 5 8 |  8.0
Stealth        | |  1.7

Action                     |  1- 3 |  4- 6 |  7- 9 | 10-12 | 13-15 || total
---------------------------+-------+-------+-------+-------+-------++-------
  Melee: Unarmed           |     3 |       |       |       |       ||     3
         Short sword       |    58 |    13 |       |       |       ||    71
         Punch             |     1 |     1 |       |     7 |     4 ||    13
         Staff             |       |    19 |    14 |   249 |   206 ||   488
         War axe           |       |    64 |    97 |       |       ||   161
         Touch             |       |    15 |    12 |    53 |    46 ||   126
   Cast: Freeze            |    32 |    11 |    10 |    19 |     5 ||    77
         Frozen Ramparts   |     2 |     4 |    29 |    59 |    22 ||   116
         Summon Ice Beast  |       |       |    30 |    55 |    16 ||   101
         Ozocubu's Armour  |       |       |     7 |    33 |    12 ||    52
 Invoke: Call Merchant     |       |       |       |     1 |       ||     1
         Potion Petition   |       |       |       |       |     2 ||     2
  Evoke: Wand              |       |       |     9 |    24 |     8 ||    41
         Phial of floods   |       |       |       |     1 |     1 ||     2
    Use: Scroll            |       |     1 |       |    12 |     2 ||    15
   Stab: Sleeping          |     9 |     2 |       |       |       ||    11
         Distracted        |       |       |       |     3 |     1 ||     4
 Armour: Robe              |    22 |    41 |    43 |    87 |   103 ||   296
  Dodge: Dodged            |    60 |    93 |    99 |   214 |   168 ||   634
  Block: Other             |       |       |    26 |    65 |    41 ||   132
         Reflection        |       |       |     1 |     4 |       ||     5

Table legend: (Time is in decaauts)
 A = Elapsed time spent in this place.
 B = Non-inter-level travel time spent in this place.
 C = Inter-level travel time spent in this place.
 D = Time resting spent in this place.
 E = Time spent auto-exploring this place.
 F = Levels seen in this place.
 G = Mean time per level.
                   A        B        C        D        E       F      G
               +--------+--------+--------+--------+--------+-----+--------+
         Total |  18613 |  18000 |    613 |   1861 |  11538 |  19 |  979.6 |
       Dungeon |  10555 |  10202 |    353 |    478 |   7520 |  10 | 1055.5 |
        Temple |     32 |      1 |     31 |      0 |      0 |   1 |   32.0 |
          Lair |   6324 |   6096 |    228 |   1064 |   3369 |   5 | 1264.8 |
         Abyss |    542 |    542 |      0 |    206 |      0 |   1 |  542.0 |
         Sewer |    900 |    900 |      0 |     68 |    641 |   1 |  900.0 |
       Ossuary |    257 |    257 |      0 |     45 |      8 |   1 |  257.0 |
               +--------+--------+--------+--------+--------+-----+--------+

Top non-repeatable levels by time:
  Lair:2: 1963 daAuts
  Lair:3: 1623 daAuts
     D:2: 1500 daAuts
    D:10: 1322 daAuts
  Lair:4: 1289 daAuts
     D:7: 1234 daAuts
     D:5: 1130 daAuts
     D:8: 1099 daAuts
     D:3: 972 daAuts
  Lair:1: 957 daAuts
     D:1: 937 daAuts
     D:6: 921 daAuts
   Sewer: 900 daAuts
     D:4: 779 daAuts
     D:9: 656 daAuts
